 Dungeon Crawl Stone Soup version 0.17.1-3-g152610e (webtiles) character file.

164 Goblin1989 the Insei (level 5, -1/27 HPs)
             Began as a Vine Stalker Monk on Feb 23, 2016.
             Slain by a worker ant (4 damage)
             ... on level 4 of the Dungeon.
             The game lasted 00:04:15 (2050 turns).

Goblin1989 the Insei (Vine Stalker Monk)            Turns: 2050, Time: 00:04:15

Health: -1/27      AC:  5    Str: 14    XL:     5   Next: 45%
Magic:  0/6        EV: 11    Int: 11    God:
Gold:   98         SH:  0    Dex: 16    Spells: 0 memorised, 4 levels left

rFire  . . .     SeeInvis .       - Unarmed
rCold  . . .     Clarity  .     h - +0 ring mail
rNeg   . . .     SustAt   .     (no shield)
rPois  .         Gourm    .     (no helmet)
rElec  .         Spirit   +     (no cloak)
rCorr  .         Warding  .     (no gloves)
rMut   .         Stasis   .     (no boots)
MR     .....                    (no amulet)
Stlth  ++........               (no ring)
                                (no ring)

@: lethally poisoned (-1 -> -2), not resistant to hostile enchantments,
unstealthy
A: fangs 2, regeneration 1, magic shield, antimagic bite, no device heal 3, rot
immunity
a: no special abilities


You were on level 4 of the Dungeon.
You were hungry.

You visited 2 branches of the dungeon, and saw 5 of its levels.

You collected 98 gold pieces.

Inventory:

Armour
 h - a +0 ring mail (worn)
Jewellery
 e - a cursed ring of loudness {unknown}
Scrolls
 a - a scroll of enchant armour {unknown}
 f - 6 scrolls of identify {unknown}
 i - a scroll of recharging {unknown}
 k - a scroll of random uselessness {unknown}
 o - a scroll of remove curse {unknown}
 p - a scroll of teleportation {unknown}
Potions
 d - 3 potions of curing
 g - a potion of flight {unknown}
 j - 2 potions of mutation {unknown}
 m - a potion of agility {unknown}
 n - a potion of poison {unknown}
 q - 2 potions of haste {unknown}
 r - a potion of lignification {unknown}
Comestibles
 b - 2 bread rations
 c - 2 slices of pizza
 l - 2 meat rations


   Skills:
 - Level 2.6 Fighting
 - Level 2.4 Dodging
 - Level 2.4 Stealth
 * Level 6.5 Unarmed Combat


You had 4 spell levels left.
You didn't know any spells.

Dungeon Overview and Level Annotations

Branches:
Dungeon (4/15)             Temple (1/1) D:4

Altars:
Dithmenos
Fedhas
Gozag
Kikubaaqudgha
Okawaru
Sif Muna
Trog
Zin


Innate Abilities, Weirdness & Mutations

You have extremely sharp teeth.
Your natural rate of healing is unusually fast.
When hurt, damage is shared between your health and your magic reserves.
Your bite disrupts and absorbs the magic of your enemies.
Potions and wands cannot restore your health.
You are immune to rotting.


Message History

You are too injured to fight recklessly!
You are too injured to fight recklessly!
You are too injured to fight recklessly!
You are too injured to fight recklessly!
You are too injured to fight recklessly!
Drink which item? (? for menu, Esc to quit)
It was a potion of curing.
You feel better. The worker ant closely misses you.
The adder bites you but does no damage. The worker ant misses you.
The adder bites you.
* * * LOW HITPOINT WARNING * * *
The worker ant bites you.
* * * LOW HITPOINT WARNING * * *
You are poisoned.
The worker ant poisons you!
You feel sick.
You feel sick. The adder bites you but does no damage.
The worker ant closely misses you.
You hit the worker ant but do no damage.
You feel sick. The worker ant bites you!
You die...

......... ....... ##............
.Z#...... .......###.............
......... .......!##.............
..................##.............
#.............###.....$..........
#.............# #................
#.##..........# #...............>
'.# ...#...#..####S.#............
### #.#........@a.###...........
# #........####.# ###..####...
########........##.### ##.## ...
.....................# #..# ...
.#########...........#####.#.....
.# ###..........<.....# .. .#
###.......#####.## .# #.......#
### ## #.......#


You could see a worker ant and an adder.

Vanquished Creatures
  A centaur skeleton (D:4)
  A giant frog skeleton (D:4)
  4 adders
  3 gnolls
  An adder skeleton (D:4)
  A worm (D:3)
  2 orcs
  A giant cockroach (D:2)
  4 hobgoblins
  6 jackals
  A ball python (D:2)
  4 bats (D:1)
  4 giant newts
  6 goblins
  5 kobolds
  2 rats (D:2)
46 creatures vanquished.

Notes
Turn   | Place    | Note
--------------------------------------------------------------
     0 | D:1      | Goblin1989 the Vine Stalker Monk began the quest for the Orb.
     0 | D:1      | Reached XP level 1. HP: 11/11 MP: 2/2
    82 | D:1      | Reached XP level 2. HP: 13/16 MP: 1/3
   607 | D:1      | Reached skill level 5 in Unarmed Combat
   607 | D:1      | Reached XP level 3. HP: 19/19 MP: 4/4
  1255 | D:2      | Reached XP level 4. HP: 23/23 MP: 5/5
  1727 | D:4      | Found a staircase to the Ecumenical Temple.
  1742 | Temple   | Entered the Ecumenical Temple
  1966 | D:4      | Reached skill level 6 in Unarmed Combat
  2005 | D:4      | Reached XP level 5. HP: 21/27 MP: 6/6
  2050 | D:4      | Slain by a worker ant

Action                   |  1- 3 |  4- 6 || total
-------------------------+-------+-------++-------
Melee: Unarmed           |    66 |    65 ||   131
  Use: Potion            |       |     1 ||     1
 Stab: Sleeping          |     9 |       ||     9
  Eat: Chunk             |       |     3 ||     3
